 Dungeon Crawl Stone Soup version 0.31-a0-662-g684573625c (webtiles) character file.

Game seed: 14280888153951612722

104727 freelancePsychic the Warrior (level 15, -3/155 HPs)
             Began as a Minotaur Conjurer on Sept 1, 2023.
             Was the Champion of the Shining One.
             Succumbed to a spriggan rider's poison
             ... on level 1 of the Swamp.
             The game lasted 00:38:51 (27021 turns).

freelancePsychic the Warrior (Minotaur Conjurer)   Turns: 27021, Time: 00:38:51

Health: -3/155     AC: 24    Str: 23    XL:     15   Next: 92%
Magic:  21/21      EV:  7    Int: 19    God:    the Shining One [******]
Gold:   2101       SH: 14    Dex: 17    Spells: 15/16 levels left

rFire   + . .        F - +9 sacred scourge (holy)
rCold   + . .        N - +0 kite shield
rNeg    + + +        O - +0 gold dragon scales
rPois   +            q - +0 hat {Will+}
rElec   .            o - +0 cloak
rCorr   .            d - +0 pair of gloves
SInv    .            t - +0 pair of boots
Will    ++...        T - amulet of regeneration Stlth
                     i - ring "Ifaku" {rPois Int+4 Dex+6 Slay+2}
HPRegen 1.25/turn    n - +6 ring of strength
MPRegen 0.17/turn

%: no passive effects
@: lethally poisoned (-3 -> -16), glowing
A: horns 2, retaliatory headbutt
a: Renounce Religion, Divine Shield, Cleansing Flame, Summon Divine Warrior


You were on level 1 of the Swamp.
You worshipped the Shining One.
The Shining One was exalted by your worship.
You visited 5 branches of the dungeon, and saw 24 of its levels.

You collected 3816 gold pieces.
You spent 1715 gold pieces at shops.

Inventory:

Hand Weapons
 u - a +3 flail of freezing
 F - a +9 sacred scourge of holy wrath (weapon)
Missiles
 a - 101 poisoned darts
 v - 14 curare-tipped darts (quivered)
 S - a throwing net
Armour
 d - a +0 pair of gloves (worn)
 o - a +0 cloak (worn)
 q - a +0 hat of willpower (worn)
 t - a +0 pair of boots (worn)
 N - a +0 kite shield (worn)
 O - +0 gold dragon scales (worn)
Jewellery
 g - a ring of flight
 i - the ring "Ifaku" (left hand) {rPois Int+4 Dex+6 Slay+2}
   (You found it on level 12 of the Dungeon)

   [ring of dexterity]

   Int+4:     It affects your intelligence (+4).
   Dex+6:     It affects your dexterity (+6).
   Slay+2:    It affects your accuracy & damage with ranged weapons and melee
   (+2).
   rPois:     It protects you from poison
 n - a +6 ring of strength (right hand)
 G - a ring of ice
 M - an amulet of the acrobat
 T - an amulet of regeneration (around neck)
 X - a ring of ice
 Y - a ring of see invisible
Wands
 e - a wand of mindburst (9)
 k - a wand of digging (8)
 w - a wand of flame (53)
 H - a wand of iceblast (13)
 J - a wand of acid (3)
 Q - a wand of paralysis (19)
 W - a wand of polymorph (1)
Scrolls
 f - 3 scrolls of revelation
 m - 2 scrolls of fog
 y - a scroll of blinking
 A - 3 scrolls of immolation
 K - 3 scrolls of teleportation {@r4}
 R - a scroll of vulnerability
 U - a scroll of silence
 V - 2 scrolls of fear
Potions
 b - 2 potions of magic
 c - 4 potions of haste {@q3}
 h - 3 potions of invisibility {unknown}
 j - 4 potions of lignification {unknown}
 l - 2 potions of might {unknown}
 r - a potion of attraction {unknown}
 s - 3 potions of berserk rage {unknown}
 z - 4 potions of mutation
 B - 2 potions of heal wounds {unknown}
 C - a potion of cancellation {unknown}
 D - 6 potions of enlightenment
 I - 3 potions of brilliance
 L - a potion of resistance {unknown}
 P - a potion of ambrosia
Miscellaneous
 Z - a box of beasts


   Skills:
 - Level 20.0 Fighting
 - Level 14.0 Maces & Flails
 + Level 13.9 Armour
 + Level 5.3 Dodging
 - Level 1.5 Stealth
 - Level 15.5 Shields
 - Level 1.3 Spellcasting
 - Level 2.9 Conjurations
 + Level 10.0 Invocations


You had 15 spell levels left.
You knew the following spells:

 Your Spells              Type           Power      Damage    Failure   Level
a - Magic Dart            Conj           48%        1d5       97%         1

Your spell library contained the following spells:

 Spells                   Type           Power      Damage    Failure   Level
 Kiss of Death            Conj/Necr      24%        2d7       99%         1
 Searing Ray              Conj           24%        2d5       99%         2
 Blink                    Tloc           2%         N/A       100%        2
 Static Discharge         Conj/Air       12%        2-3/arc   100%        2
 Wereblood                Tmut           1%         N/A       100%        2
 Call Canine Familiar     Summ           1%         N/A       100%        3
 Confusing Touch          Hex            1%         N/A       100%        3
 Dazzling Flash           Conj/Hex       12%        N/A       100%        3
 Portal Projectile        Hex/Tloc       2%         N/A       100%        3
 Airstrike                Air            0%         2d(1-17)  100%        4
 Dispel Undead            Necr           1%         3d6       100%        4
 Fulminant Prism          Conj/Hex       3%         3d5       100%        4
 Iskenderun's Mystic Bla  Conj/Tloc      6%         2d4       100%        4
 Leda's Liquefaction      Hex/Erth       0%         N/A       100%        4
 Manifold Assault         Tloc           1%         N/A       100%        4
 Summon Lightning Spire   Summ/Air       1%         N/A       100%        4
 Fireball                 Conj/Fire      3%         3d4       100%        5
 Irradiate                Conj/Tmut      3%         3d12      100%        5
 Iskenderun's Battlesphe  Conj           12%        2d7       100%        5
 Summon Forest            Summ/Tloc      0%         N/A       100%        5
 Summon Mana Viper        Hex/Summ       1%         N/A       100%        5
 Conjure Ball Lightning   Conj/Air       3%         3x3d6     100%        6
 Dispersal                Tloc           0%         N/A       100%        6
 Summon Cactus Giant      Summ           0%         N/A       100%        6
 Orb of Destruction       Conj           6%         9d6       100%        7
 Discord                  Hex            0%         N/A       100%        8
 Disjunction              Tloc           0%         N/A       100%        8


Dungeon Overview and Level Annotations

Branches:
Dungeon (15/15)            Temple (1/1) D:4            Lair (5/5) D:9
  Swamp (1/4) Lair:2       Spider (0/4) Lair:3        Slime (0/5) Lair:4
    Orc (2/2) D:9             Elf (0/3) Orc:2        Vaults (0/5) D:14
 Depths (0/4) D:15

Altars:
Ashenzari
Cheibriados
Dithmenos
Elyvilon
Fedhas
Gozag
Hepliaklqana
Kikubaaqudgha
Makhleb
Nemelex Xobeh
Qazlal
Ru
Sif Muna
Trog
Uskayaw
Vehumet
Wu Jian
Xom
Yredelemnul
Zin
The Shining One

Shops:
D:4 [   D:5 *   D:8 *   D:13 *   Orc:1 (   Orc:2 !*?(

Portals:
Trove: D:10 (show abyssal rune of Zot)

Annotations:
D:2 Sigmund
D:13 Kirke
Lair:4 1 runed translucent door
Lair:5 exclusion: obsidian statue


Innate Abilities, Weirdness & Mutations

You have a pair of horns on your head.
You reflexively headbutt those who attack you in melee.


Message History

* * * LOW HITPOINT WARNING * * *
The spriggan rider hits you but does no damage.
You block the spriggan rider's attack.
You enter the shallow water.
Moving in this stuff is going to be slow.
You feel sick.
The swamp worm attacks as it pursues you!
You block the swamp worm's attack.
You feel sick.
You are no longer poisoned.
The swamp worm attacks as it pursues you!
You block the swamp worm's attack.
The spriggan rider attacks as it pursues you!
The spriggan rider hits you but does no damage.
The spriggan rider hits you from afar with a +0 spear of venom.
* * * LOW HITPOINT WARNING * * *
You are poisoned.
You block the spriggan rider's attack. The swamp worm bites you!
* * * LOW HITPOINT WARNING * * *
The spriggan rider hits you but does no damage. x2
Casting: Magic Dart (safe; 97% risk of failure)
Confirm with . or Enter, or press ? or * to list all spells.
You don't know that spell.
Unknown command.
As you read the scroll of fear, it crumbles to dust.
You assume a fearsome visage.
The spriggan rider resists with almost no effort.
The spriggan rider easily resists.
The spriggan rider looks frightened!
The swamp worm looks frightened!
You feel yourself speed up.
You feel very sick.
The spriggan rider hits you from afar with a +0 spear of venom!
* * * LOW HITPOINT WARNING * * *
You are more poisoned.
The spriggan rider throws a curare-tipped dart.
You block the curare-tipped dart.
Blink to where?
Press: ? - help, Dir - move target
As you read the scroll of blinking, it crumbles to dust.
You die...

♣i♣i♣....♣
♣w~~♣♣.~...
♣♣~§♣ .~~...
♣♣~.♣♣~~~.~♣
♣.~)~♣♣..~~~
♣♣~.~♣♣ ♣~~
♣♣~..♣♣
♣~.~.♣
♣♣@~♣♣ ♣♣~♣♣
♣..♣ ♣♣.♣♣
♣♣<♣♣ ♣♣.♣
♣♣♣


You could see a swamp worm (fleeing).

Vanquished Creatures
  An orc warlord (Orc:2)
  5 dire elephants (Lair:5)
  Josephine (Orc:2)
  A fire dragon (D:15)
  8 hydras
  4 vault guards (D:14)
  A rakshasa (D:13)
  5 ogre magi
  8 centaur warriors
  A boulder beetle (D:14)
  7 death yaks
  18 two-headed ogres
  A spriggan berserker (Swamp:1)
  A spectral dire elephant (Lair:5)
  4 tengu warriors
  Sonja (Lair:1)
  Amaemon (Lair:1)
  2 skysharks (Lair:2)
  A spectral anaconda (Lair:5)
  3 wizards
  2 deep elf pyromancers
  A swamp dragon (Swamp:1)
  A lindwurm (Orc:1)
  10 ugly things
  3 orc knights
  4 necromancers (Lair:5)
  2 orc sorcerers
  5 cyclopes
  6 manticores
  3 black mambas
  Maurice (Orc:1)
  20 elephants
  8 cane toads
  A gargoyle (D:13)
  A kobold demonologist (D:11)
  2 unseen horrors
  2 torpor snails
  An orange demon (Lair:1)
  Psyche (D:8)
  A yaktaur (shapeshifter) (D:15)
  2 rime drakes (Lair:3)
  An efreet (D:14)
  8 komodo dragons
  A tengu conjurer (D:14)
  3 trolls
  A meliai (shapeshifter) (D:13)
  5 polar bears
  Prince Ribbit (D:7)
  4 blink frogs (Lair:5)
  6 dream sheep (Lair:5)
  A spectral elephant (Lair:5)
  7 slime creatures (D:14)
  8 wraiths
  A vampire (D:12)
  A shadow (D:11)
  2 basilisks
  35 yaks
  A spriggan (shapeshifter) (D:13)
  4 hogs
  A wyvern (Lair:4)
  Grum (D:8)
  2 steam dragons
  2 death yak simulacra (Lair:5)
  8 vampire mosquitoes (Lair:2)
  3 spectral cane toads (Lair:5)
  3 acid dragons
  A warg (D:15)
  16 water moccasins
  An elephant zombie (Lair:5)
  An ice beast (D:7)
  5 black bears
  25 orc warriors
  7 boggarts
  32 ogres
  18 wolves
  3 centaurs
  A phantom (D:5)
  26 kobold brigands
  4 gnoll sergeants
  10 bullfrogs
  A cane toad simulacrum (Lair:5)
  4 scorpions
  12 wights
  2 elephant simulacra (Lair:5)
  11 killer bees
  7 howler monkeys
  3 hounds
  4 jellies
  Crazy Yiuf (D:7)
  8 orc priests
  5 iguanas
  3 sleepcaps
  20 orc wizards
  8 gnolls
  2 adders
  3 shadow imps
  A white imp (D:6)
  A dart slug (D:4)
  52 orcs
  6 bats
  9 endoplasms
  3 giant cockroaches
  5 goblins
  9 hobgoblins
  4 jackals (D:1)
  10 kobolds
  2 quokkas (D:2)
  10 ball pythons
  A frilled lizard (D:1)
  6 rats
624 creatures vanquished.

Vanquished Creatures (collateral kills)
  Rupert (Orc:2)
  A slime creature (D:14)
  A boggart (D:14)
  2 orcs (Orc:2)
5 creatures vanquished.

Vanquished Creatures (others)
  A bloated husk (Swamp:1)
  2 slime creatures (D:14)
  An orc (Orc:2)
4 creatures vanquished.

Grand Total: 633 creatures vanquished

Notes
Turn   | Place    | Note
-------+----------+-------------------------------------------
     0 | D:1      | freelancePsychic the Minotaur Conjurer began the quest for
                  | the Orb.
     0 | D:1      | Reached XP level 1. HP: 14/14 MP: 1/1
   169 | D:1      | Reached skill level 1 in Fighting
   265 | D:1      | Reached skill level 2 in Fighting
   265 | D:1      | Reached XP level 2. HP: 23/24 MP: 3/3
   971 | D:1      | Reached skill level 3 in Fighting
  1066 | D:2      | Noticed Sigmund
  1271 | D:2      | Reached XP level 3. HP: 30/31 MP: 0/4
  2068 | D:3      | Reached skill level 4 in Fighting
  2301 | D:3      | Reached XP level 4. HP: 41/41 MP: 5/5
  2445 | D:3      | Reached skill level 5 in Fighting
  2784 | D:4      | Noticed a scorpion
  2793 | D:4      | Killed a scorpion
  2794 | D:4      | Reached XP level 5. HP: 39/50 MP: 6/6
  2935 | D:3      | Reached skill level 6 in Fighting
  2935 | D:3      | Reached skill level 1 in Maces & Flails
  3296 | D:4      | Found a staircase to the Ecumenical Temple.
  3297 | D:4      | Noticed a black bear
  3409 | D:4      | Found a burning altar of Makhleb.
  3411 | D:4      | Found a glowing silver altar of Zin.
  3411 | D:4      | Noticed an angel
  3412 | D:4      | Noticed an Executioner
  3590 | D:4      | Reached XP level 6. HP: 48/58 MP: 7/7
  3883 | Temple   | Entered the Ecumenical Temple
  3888 | Temple   | Reached skill level 7 in Fighting
  3942 | Temple   | Became a worshipper of the Shining One
  4022 | D:4      | Reached skill level 1 in Invocations
  4122 | D:4      | Found Bulat's Dragon-Slaying Spoils.
  4141 | D:4      | Reached XP level 7. HP: 62/66 MP: 8/8
  4294 | D:5      | Entered Level 5 of the Dungeon
  4493 | D:5      | Reached skill level 8 in Fighting
  4493 | D:5      | Reached skill level 5 in Maces & Flails
  4691 | D:5      | Found a stormy altar of Qazlal.
  4803 | D:5      | Found a hazy altar of Hepliaklqana.
  4833 | D:5      | Reached XP level 8. HP: 72/75 MP: 9/9
  4858 | D:5      | Found Vohesm's Assorted Antiques.
  4991 | D:5      | Found a bloodstained altar of Trog.
  5017 | D:5      | Found a sacrificial altar of Ru.
  5187 | D:6      | Found a radiant altar of Vehumet.
  5203 | D:6      | Reached * piety under the Shining One
  5620 | D:6      | Reached skill level 9 in Fighting
  5896 | D:7      | Reached skill level 5 in Invocations
  5974 | D:7      | Found an opulent altar of Gozag.
  6012 | D:7      | Noticed Prince Ribbit
  6030 | D:7      | Killed Prince Ribbit
  6162 | D:7      | Reached XP level 9. HP: 83/85 MP: 9/11
  6250 | D:7      | Reached skill level 10 in Fighting
  6262 | D:7      | Identified the +1 rapier of Amorous True Grit {venom, rN+}
  6371 | D:7      | Found a shimmering altar of Xom.
  6510 | D:7      | Found a shimmering altar of Xom.
  6568 | D:7      | Found a runed translucent door.
  6569 | D:7      | Noticed Crazy Yiuf
  6992 | D:7      | Killed Crazy Yiuf
  7482 | D:8      | Noticed a komodo dragon
  7492 | D:8      | Found a shimmering blue altar of Sif Muna.
  7499 | D:8      | Killed a komodo dragon
  7531 | D:8      | Noticed Grum
  7531 | D:8      | Reached ** piety under the Shining One
  7545 | D:8      | Killed Grum
  7546 | D:8      | Reached skill level 11 in Fighting
  7686 | D:8      | Found Zyustu's Assorted Antiques.
  7693 | D:8      | Noticed Psyche
  7710 | D:8      | Killed Psyche
  7778 | D:8      | Bought a scroll labelled SITRONIZYURO for 22 gold pieces
  7804 | D:8      | Identified the +5 spear of the Philosopher {venom, rC+
                  | rCorr Int-3}
  7859 | D:8      | Reached XP level 10. HP: 96/96 MP: 14/14
  8479 | D:9      | Noticed an elephant
  8480 | D:9      | Found a staircase to the Lair.
  8623 | D:9      | Noticed a two-headed ogre
  8635 | D:9      | Killed a two-headed ogre
  8636 | D:9      | Reached skill level 10 in Maces & Flails
  8812 | D:9      | Killed an elephant
  8826 | D:9      | Reached skill level 12 in Fighting
  9337 | D:10     | Entered Level 10 of the Dungeon
  9659 | D:10     | Found a portal to a secret trove of treasure.
 10304 | D:9      | Found a staircase to the Orcish Mines.
 10618 | D:9      | Reached XP level 11. HP: 91/106 MP: 16/16
 10806 | D:11     | Identified the +3 leather armour of Birdsong {Dex+3}
 10889 | D:11     | Reached skill level 13 in Fighting
 10891 | D:11     | Noticed a sixfirhy
 11106 | D:11     | Reached skill level 1 in Shields
 12402 | D:11     | Found a glowing silver altar of Zin.
 12570 | Orc:1    | Entered Level 1 of the Orcish Mines
 12574 | Orc:1    | Found a radiant altar of Vehumet.
 12575 | Orc:1    | Noticed a two-headed ogre
 12592 | Orc:1    | Killed a two-headed ogre
 12676 | Orc:1    | Reached skill level 14 in Fighting
 12801 | Orc:1    | Noticed an orc knight
 12848 | D:9      | Killed an orc knight
 12855 | D:9      | Reached skill level 5 in Shields
 13421 | Orc:1    | Found Ywiluveid's Firing Range.
 13883 | D:12     | Reached *** piety under the Shining One
 14047 | D:12     | Noticed a two-headed ogre
 14063 | D:12     | Killed a two-headed ogre
 14218 | D:12     | Identified the ring "Ifaku" {rPois Int+4 Dex+6 Slay+2}
 14605 | D:12     | Reached XP level 12. HP: 55/118 MP: 17/17
 15517 | D:13     | Noticed a seven-headed hydra
 15524 | D:13     | Killed a seven-headed hydra
 15650 | D:13     | Reached skill level 15 in Fighting
 15912 | D:4      | Bought +0 gold dragon scales for 1040 gold pieces
 16087 | Lair:1   | Entered Level 1 of the Lair of Beasts
 16444 | Lair:1   | Noticed Sonja
 16455 | Lair:1   | Killed Sonja
 16480 | Lair:1   | Noticed Amaemon
 16489 | Lair:1   | Killed Amaemon
 16490 | Lair:1   | Reached skill level 1 in Armour
 16561 | Lair:1   | Reached skill level 16 in Fighting
 17476 | Lair:2   | Reached skill level 10 in Shields
 17476 | Lair:2   | Reached XP level 13. HP: 122/129 MP: 18/18
 18057 | Lair:2   | Reached skill level 5 in Armour
 18319 | Lair:2   | Reached **** piety under the Shining One
 18322 | Lair:2   | Found a staircase to the Swamp.
 18967 | Lair:3   | Found a hole to the Spider Nest.
 19223 | Lair:3   | Reached skill level 17 in Fighting
 20097 | Lair:4   | Found a runed translucent door.
 20097 | Lair:4   | Found a staircase to the Slime Pits.
 20722 | Lair:5   | Entered Level 5 of the Lair of Beasts
 21122 | Lair:5   | Reached XP level 14. HP: 74/141 MP: 19/19
 21557 | Lair:5   | Reached skill level 18 in Fighting
 21597 | Lair:5   | Reached ***** piety under the Shining One
 21868 | Lair:5   | Reached skill level 10 in Armour
 22812 | D:13     | Found the +10 dark maul {heavy}
 22922 | D:13     | Found Soubbuf's Assorted Antiques.
 22925 | D:13     | Bought an emerald potion for 24 gold pieces
 22925 | D:13     | Bought an orange potion for 24 gold pieces
 22925 | D:13     | Bought a glowing emerald potion for 24 gold pieces
 23263 | D:14     | Found a gate to the Vaults.
 23287 | D:14     | Reached skill level 19 in Fighting
 23348 | D:14     | Noticed Kirke
 23828 | D:14     | Reached XP level 15. HP: 135/152 MP: 20/20
 23940 | D:14     | Identified 2 scrolls of acquirement
 23941 | D:14     | Acquired 645 gold pieces
 23943 | D:14     | Acquired 1038 gold pieces
 24285 | D:15     | Entered Level 15 of the Dungeon
 24567 | D:15     | Found a glowing golden altar of the Shining One.
 24621 | D:15     | Reached skill level 15 in Shields
 24964 | D:15     | Identified the +4 ring mail of the Arcane {rN++ Will+
                  | Slay+3}
 25026 | D:15     | Reached ****** piety under the Shining One
 25028 | D:15     | Identified a +9 sacred scourge of holy wrath (a +7 demon
                  | whip of venom blessed by the Shining One)
 25028 | D:15     | Received a gift from the Shining One
 25047 | D:15     | Found a staircase to the Depths.
 25340 | Orc:2    | Entered Level 2 of the Orcish Mines
 25340 | Orc:2    | Noticed Josephine
 25344 | Orc:2    | Noticed Nessos
 25350 | Orc:2    | Killed Josephine
 25351 | Orc:2    | Noticed Maurice
 25363 | Orc:1    | Killed Maurice
 25456 | Orc:1    | Reached skill level 20 in Fighting
 25548 | Orc:2    | Noticed Rupert
 25568 | Orc:2    | Killed Rupert
 25581 | Orc:2    | Paralysed by an ogre mage for 2 turns
 25705 | Orc:2    | Nessos changed into Nessos the lindwurm
 25705 | Orc:2    | Noticed Nessos
 25712 | Orc:1    | Killed Nessos the lindwurm
 26285 | Orc:2    | Reached skill level 5 in Dodging
 26296 | Orc:2    | Reached skill level 10 in Invocations
 26368 | Orc:2    | Found a staircase to the Elven Halls.
 26449 | Orc:2    | Found Rarphoim's General Store.
 26449 | Orc:2    | Found Gyof's Distillery.
 26450 | Orc:2    | Found Fatiuch's Antique Weapon Shop.
 26450 | Orc:2    | Found Xyirijapun's Magic Scroll Emporium.
 26457 | Orc:2    | Bought a potion of haste for 100 gold pieces
 26457 | Orc:2    | Bought a scroll of immolation for 40 gold pieces
 26458 | Orc:2    | Bought a potion of enlightenment for 70 gold pieces
 26458 | Orc:2    | Bought a potion of haste for 140 gold pieces
 26459 | Orc:2    | Bought a scroll of fear for 52 gold pieces
 26459 | Orc:2    | Bought a scroll of teleportation for 39 gold pieces
 26728 | D:5      | Bought a runed hat for 140 gold pieces
 26947 | Swamp:1  | Entered Level 1 of the Swamp
 27020 | Swamp:1  | HP: 1/155 [spriggan rider/+0 spear of venom (9)]
 27021 | Swamp:1  | Succumbed to a spriggan rider's poison

Illustrated notes

Levels and vault maps discovered:
D:1:      nagdon_arrival_double_spiral, layout_loops_corners,
          kennysheep_crisscross
D:2:      layout_loops_ring, uniq_sigmund
D:3:      layout_basic
D:4:      layout_basic, grunt_temple_overflow_order_and_chaos_2,
          minmay_temple_entry_water_ring, serial_glass, glass_columns_b,
          glass_columns_a, nicolae_shop_dragon_depot, nicolae_zen_rock_garden
D:5:      layout_loops_cross, mainiacjoe_overflow_small_starburst,
          kennysheep_mini, mainiacjoe_overflow_big_doors, serial_shops, shop,
          chequers_serial_rivers_micro_d
D:6:      layout_basic, vehumet_altar_wand_db, grunt_ministairs_11
D:7:      layout_basic, nicolae_gozag_seed_capital, xom_redecorated,
          uniq_crazy_yiuf_cottage, uniq_prince_ribbit1
D:8:      layout_basic, lemuel_tele_altar, serial_shops, shop, minivault_10,
          uniq_grum, uniq_psyche
D:9:      layout_roguey, david_lair_generic,
          kennysheep_orc_monster_closet_entryway
D:10:     layout_basic, okawaru_ov_weapons_minmay, enter_trove_6,
          serial_bayou_pond_d
D:11:     layout_roguey [special_room_kobold], zin_statuary
D:12:     layout_cave_pods
D:13:     layout_long_grid, serial_shops, nicolae_shop_real_fake_doors
D:14:     layout_rooms, lightli_vaults_fourway_checkpoint,
          hangedman_abyss_or_decor_stabs, uniq_kirke
D:15:     hangedman_depths_entry_civil_slaughter, layout_basic,
          nicolae_tso_carved_into_rock
Temple:   nicolae_temple_ecumenical_triangle
Lair:1:   layout_gridlike, chequers_serial_rivers_micro_e, uniq_sonja,
          uniq_amaemon
Lair:2:   layout_chaotic_city, minmay_swamp_entry_swarm, grunt_megastairs_1
Lair:3:   layout_roguey, spider_nest_entry_web_field,
          chequers_serial_rivers_large_a, grunt_megastairs_4
Lair:4:   layout_roguey, slime_entry_2, serial_bayou_shore_b
Lair:5:   due_jungle_book, layout_long_grid
Swamp:1:  layout_falls_marsh, nicolae_swamp_little_swirl, swamp_pool5
Orc:1:    layout_caves, hangedman_feature_mirror, nicolae_shop_firing_range
Orc:2:    st_orc_ogre_mass, layout_caves, basic_altar, uniq_josephine,
          uniq_maurice, uniq_rupert, uniq_nessos

Skill      XL: |  1  2  3  4  5  6  7  8  9 10 11 12 13 14 15 |
---------------+----------------------------------------------+-----
Fighting       | 2 3 4 5 6 7 8 9 11 12 14 16 17 19 20 | 20.0
Maces & Flails | 2 4 5 7 9 11 13 14 | 14.0
Invocations    | 1 3 5 7 9 10 | 10.0
Shields        | 6 10 12 14 15 | 15.5
Armour         | 4 8 11 13 | 13.9
Dodging        | 5 |  5.3
Stealth        | |  1.5
Spellcasting   | |  1.3
Conjurations   | |  2.9

Action                     |  1- 3 |  4- 6 |  7- 9 | 10-12 | 13-15 || total
---------------------------+-------+-------+-------+-------+-------++-------
  Melee: Unarmed           |    62 |       |     1 |       |       ||    63
         Headbutt          |    16 |    14 |    58 |   219 |   454 ||   761
         Hand axe          |    50 |    46 |       |       |       ||    96
         Punch             |     2 |     1 |     4 |     8 |       ||    15
         Flail             |       |    61 |   237 |   691 |  1027 ||  2016
         Sacred scourge    |       |       |       |       |   223 ||   223
  Throw: Dart              |       |       |       |     7 |     3 ||    10
   Cast: Magic Dart        |    22 |       |       |       |       ||    22
 Invoke: Divine Shield     |       |       |     1 |     8 |     1 ||    10
         Cleansing Flame   |       |       |       |     2 |     2 ||     4
         Summon Divine War |       |       |       |       |     1 ||     1
         Brand Weapon With |       |       |       |       |     1 ||     1
  Evoke: Wand              |       |       |     2 |     8 |     2 ||    12
    Use: Scroll            |     1 |     4 |     5 |    13 |    19 ||    42
         Potion            |       |     3 |     1 |     1 |     2 ||     7
 Armour: Robe              |    31 |       |       |       |       ||    31
         Ring mail         |    38 |    40 |       |       |       ||    78
         Chain mail        |       |    60 |   220 |   543 |       ||   823
         Gold dragon scale |       |       |       |   152 |  1191 ||  1343
         Skin              |       |       |       |       |     7 ||     7
  Dodge: Dodged            |    65 |    54 |    85 |   174 |   177 ||   555
  Block: Other             |       |       |     1 |    37 |       ||    38
         Kite shield       |       |       |       |   149 |   786 ||   935

Table legend: (Time is in decaauts)
 A = Elapsed time spent in this place.
 B = Non-inter-level travel time spent in this place.
 C = Inter-level travel time spent in this place.
 D = Time resting spent in this place.
 E = Time spent auto-exploring this place.
 F = Levels seen in this place.
 G = Mean time per level.
                   A        B        C        D        E       F      G
               +--------+--------+--------+--------+--------+-----+--------+
         Total |  26823 |  24698 |   2125 |   1413 |  18925 |  24 | 1117.6 |
       Dungeon |  18111 |  16478 |   1633 |    902 |  12803 |  15 | 1207.4 |
        Temple |     77 |     60 |     17 |      0 |     35 |   1 |   77.0 |
          Lair |   6456 |   6145 |    311 |     48 |   4944 |   5 | 1291.2 |
         Swamp |     77 |     77 |      0 |      0 |     46 |   1 |   77.0 |
  Orcish Mines |   2100 |   1938 |    162 |    463 |   1096 |   2 | 1050.0 |
               +--------+--------+--------+--------+--------+-----+--------+

Top non-repeatable levels by time:
     D:9: 1863 daAuts
    D:11: 1828 daAuts
  Lair:5: 1624 daAuts
   Orc:1: 1551 daAuts
     D:8: 1530 daAuts
    D:12: 1487 daAuts
  Lair:1: 1398 daAuts
     D:4: 1339 daAuts
     D:7: 1321 daAuts
  Lair:2: 1252 daAuts
  Lair:3: 1194 daAuts
    D:13: 1181 daAuts
     D:3: 1096 daAuts
     D:1: 1089 daAuts
     D:5: 1013 daAuts
